 Dungeon Sprint DCSS version 0.23.1 (webtiles) character file.

Game seed: 8570580264527000757

272 nuthulu the Fighter (level 9, -4/89 HPs)
             Began as a Minotaur Fighter on Mar 5, 2019.
             Was a High Priest of Qazlal.
             Slain by a black mamba (7 damage)
             ... in the Dungeon (Sprint VI: "Thunderdome").
             The game lasted 00:05:09 (796 turns).

nuthulu the Fighter (Minotaur Fighter)               Turns: 796, Time: 00:05:09

Health: -4/89      AC: 10    Str: 34    XL:     9   Next: 10%
Magic:  0/13       EV: 11    Int:  8    God:    Qazlal [*****.]
Gold:   15         SH: 19    Dex:  5    Spells: 8/8 levels left

rFire    . . .     SeeInvis .   a - +0 war axe
rCold    + . .     Gourm    .   c - +0 shield
rNeg     . . .     Faith    .   b - +0 scale mail
rPois    .         Spirit   +   (helmet restricted)
rElec    +         Reflect  .   s - +0 cloak
rCorr    .         Harm     .   (no gloves)
MR       .....     NoTele   +   (no boots)
Stlth    ..........             p - amulet "Istrelinn" {Spirit Str+9 Dex-4}
HPRegen  0.24/turn              q - ring of Ypsaoram {rC+ Int+3}
MPRegen  0.13/turn              (no ring)

@: lethally poisoned (-4 -> -9), protected from electricity, repel missiles
A: retaliatory headbutt, horns 2
a: Upheaval, Elemental Force, Disaster Area, Renounce Religion


You were in the Dungeon.
You worshipped Qazlal.
Qazlal was extremely pleased with you.
You were not hungry.

You visited 1 branch You collected 600 gold pieces.
You spent 585 gold pieces at shops.

Inventory:

Hand Weapons
 a - a +0 war axe (weapon)
Armour
 b - a +0 scale mail (worn)
 c - a +0 shield (worn)
 s - a +0 cloak (worn)
Jewellery
 p - the amulet "Istrelinn" (around neck) {Spirit Str+9 Dex-4}
   (You bought it in a shop in the Dungeon)

   [amulet of guardian spirit]

   It causes incoming damage to be split between your health and magic.
   It affects your strength (+9).
   It affects your dexterity (-4).
 q - the ring of Ypsaoram (left hand) {rC+ Int+3}
   (You bought it in a shop in the Dungeon)

   [ring of protection from cold]

   It affects your intelligence (+3).
   It protects you from cold.
Wands
 l - a wand of acid (5)
 m - a wand of iceblast (5)
Scrolls
 k - 4 scrolls of blinking
 n - 3 scrolls of fog
 t - 14 scrolls of remove curse
Potions
 d - a potion of might
 e - a potion of curing
 g - a potion of heal wounds
 h - 4 potions of haste
 i - 2 potions of magic
 j - a potion of berserk rage
 o - a potion of resistance
Comestibles
 f - a ration


   Skills:
 + Level 11.4 Fighting
 + Level 10.4 Axes
 + Level 11.3 Armour
 + Level 8.1 Dodging
 + Level 11.3 Shields
 + Level 7.2 Invocations


You had 8 spell levels left.
You didn't know any spells.
Your spell library was empty.

Dungeon Overview and Level Annotations

Branches:
Dungeon (1/1)

Altars:
Cheibriados
Dithmenos
Fedhas
Gozag
Kikubaaqudgha
Makhleb
Okawaru
Qazlal
Ru
Sif Muna
Trog
Uskayaw
Vehumet
Wu Jian
Xom
Yredelemnul
Zin
The Shining One
Beogh
Jiyva
Lugonu

Shops:
D *[%??*?*:[((!!!!


Innate Abilities, Weirdness & Mutations

You reflexively headbutt those who attack you in melee.
You have a pair of horns on your head.


Message History

You block the arrow. You block the naga warlord's attack.
Unknown command.
You closely miss the black mamba. Your headbutt misses the black mamba.
The black mamba is heavily wounded.
* * * LOW HITPOINT WARNING * * *
You feel sick. The black mamba barely misses you. You furiously retaliate!
You headbutt the black mamba.
The salamander shoots an arrow.
The arrow is repelled.
You block the black mamba's attack. You block the naga warlord's attack.
Unknown command.
Unknown command.
You closely miss the black mamba. Your headbutt misses the black mamba.
The black mamba is heavily wounded.
* * * LOW HITPOINT WARNING * * *
You feel sick.
A naga comes into view.
It is wielding a +1 scimitar of holy wrath.
The naga shouts!
You block the black mamba's attack.
The salamander shoots an arrow.
You block the arrow. The black mamba bites you!
You die...

#_......._#
###......(.N###
#⌠....)...(..N#
###.8.........8.######
__......###......___∩##
..)...8.# #.8........∩###
........###..†N...○.....##
.....###...###☼°S○°.....⌠#
.....# #.<.# #..@.......⌠#
.....###...###..○.......⌠#
........###.............#
......8.# #.8........∩###
._......###......_._∩##
###.8.........8.######
#⌠...........⌠#
###.........###
#_......._#


You could see a naga warlord, a salamander, a black mamba and a naga.

Vanquished Creatures
  A spiny frog (D)
  A vampire mosquito (D)
  2 insubstantial wisps (D)
  2 floating eyes (D)
  2 big kobolds (D)
  2 bullfrogs (D)
  3 jellies (D)
  A gnoll shaman (D)
  Crazy Yiuf (D)
  3 gnolls (D)
  An ooze (D)
  A hobgoblin (D)
  2 goblins (D)
22 creatures vanquished.

Vanquished Creatures (collateral kills)
  An anaconda (D)
  A shock serpent (D)
2 creatures vanquished.

Grand Total: 24 creatures vanquished

Notes
Turn   | Place    | Note
-------+----------+-------------------------------------------
     0 | D        | nuthulu the Minotaur Fighter began the quest for the Orb.
     0 | D        | Reached XP level 1. HP: 19/19 MP: 0/0
     1 | D        | Found a stormy altar of Qazlal.
     1 | D        | Found a glowing golden altar of the Shining One.
     2 | D        | Found a bloodstained altar of Trog.
     2 | D        | Found a deep blue altar of Sif Muna.
     3 | D        | Found a shadowy altar of Dithmenos.
     3 | D        | Found a roughly hewn altar of Beogh.
     4 | D        | Found Hycryol's Distillery.
     4 | D        | Found a shimmering altar of Xom.
     4 | D        | Found Kugo Sea's Do-It-Yourself Clinic.
     5 | D        | Found Kaip Zupn's Distillery.
     5 | D        | Found Efyri's Bottled Wisdom.
     5 | D        | Round 1.
     9 | D        | Became a worshipper of Qazlal Stormbringer
    11 | D        | Found an opulent altar of Gozag.
    13 | D        | Found Nessaest's Staff Store.
    14 | D        | Found a basalt altar of Yredelemnul.
    14 | D        | Found a burning altar of Makhleb.
    14 | D        | Found a glowing silver altar of Zin.
    14 | D        | Found Orrajaerph's Magic Scroll Shop.
    14 | D        | Found Lom Tydosa's Must-Have Magic.
    14 | D        | Found Niplat's Magic Scroll Shop.
    18 | D        | Found an ornate altar of the Wu Jian Council.
    19 | D        | Found a radiant altar of Vehumet.
    20 | D        | Found an iron altar of Okawaru.
    20 | D        | Noticed a big kobold
    21 | D        | Found Olef's Delicious Food.
    22 | D        | Found Massam's Jewellery.
    22 | D        | Found Roug's Advanced Armour.
    22 | D        | Found a blossoming altar of Fedhas.
    22 | D        | Found a viscous altar of Jiyva.
    22 | D        | Found Poocwuf's Identification Station.
    27 | D        | Killed a big kobold
    27 | D        | Reached XP level 2. HP: 23/30 MP: 1/1
    27 | D        | Reached XP level 3. HP: 28/37 MP: 2/2
    27 | D        | Reached XP level 4. HP: 33/44 MP: 3/3
    34 | D        | Bought a coiled copper amulet for 45 gold pieces
    34 | D        | Bought a warped ivory ring for 45 gold pieces
    34 | D        | Bought a glittering copper ring for 45 gold pieces
    35 | D        | Reached * piety under Qazlal
    36 | D        | Identified the amulet "Istrelinn" {Spirit Str+9 Dex-4} (You
                  | bought it in a shop in the Dungeon)
    37 | D        | Identified the ring of Ypsaoram {rC+ Int+3} (You bought it
                  | in a shop in the Dungeon)
    38 | D        | Identified the cursed ring of the Twenty Tales {+Fly rElec
                  | rC- AC-5 Str-4 SInv} (You bought it in a shop in the
                  | Dungeon)
    46 | D        | Found an ancient bone altar of Kikubaaqudgha.
    64 | D        | Found a hide-covered altar of Uskayaw.
    65 | D        | Found a snail-covered altar of Cheibriados.
    66 | D        | Found a corrupted altar of Lugonu.
    69 | D        | Found a sacrificial altar of Ru.
    69 | D        | Found Pisch's Weapon Rack.
    69 | D        | Found Unattint's Premium Goods.
    70 | D        | Found Astrururph's Basic Armour.
    70 | D        | Found Ceen Keo's Miscellaneous Merchandise.
    98 | D        | Noticed a big kobold
   110 | D        | Killed a big kobold
   110 | D        | Reached skill level 5 in Axes
   110 | D        | Reached XP level 5. HP: 44/52 MP: 1/4
   155 | D        | Arena points: 12 (+12) [x2]
   199 | D        | Round 2.
   231 | D        | Reached ** piety under Qazlal
   231 | D        | Reached skill level 1 in Dodging
   323 | D        | Noticed Crazy Yiuf
   332 | D        | Reached skill level 1 in Invocations
   342 | D        | Killed Crazy Yiuf
   342 | D        | Reached *** piety under Qazlal
   342 | D        | Arena points: 48 (+36) [x3]
   413 | D        | Round 3.
   414 | D        | Noticed an insubstantial wisp
   437 | D        | Killed an insubstantial wisp
   437 | D        | Reached XP level 6. HP: 40/62 MP: 4/7
   480 | D        | Noticed a vampire mosquito
   489 | D        | Killed a vampire mosquito
   489 | D        | Reached XP level 7. HP: 25/70 MP: 3/9
   506 | D        | Noticed a spiny frog
   511 | D        | Reached **** piety under Qazlal
   511 | D        | Reached skill level 5 in Dodging
   515 | D        | HP: 1/70 [spiny frog (17)]
   519 | D        | Killed a spiny frog
   519 | D        | Arena points: 132 (+84) [x4]
   519 | D        | Reached skill level 10 in Fighting
   519 | D        | Reached skill level 10 in Armour
   519 | D        | Reached skill level 10 in Shields
   519 | D        | Reached skill level 5 in Invocations
   563 | D        | Round 4.
   571 | D        | Reached XP level 8. HP: 15/79 MP: 7/11
   680 | D        | Paralysed by a floating eye for 3 turns
   683 | D        | Reached ***** piety under Qazlal
   728 | D        | Arena points: 272 (+140) [x5]
   754 | D        | Bought 15 scrolls of remove curse for 450 gold pieces
   763 | D        | Round 5.
   776 | D        | Noticed a naga warlord
   777 | D        | Noticed an anaconda
   780 | D        | Noticed a shock serpent
   785 | D        | Killed an anaconda
   785 | D        | Reached skill level 10 in Axes
   786 | D        | Noticed a black mamba
   788 | D        | Killed a shock serpent
   788 | D        | Reached XP level 9. HP: 12/89 MP: 1/13
   789 | D        | Noticed a salamander
   795 | D        | HP: 4/89 [poisoned by a black mamba]
   796 | D        | Slain by a black mamba

Skill      XL: |  1  2  3  4  5  6  7  8 |
---------------+-------------------------+-----
Fighting       | 6 7 8 9 10 11 | 11.4
Axes           | 4 5 7 8 10 | 10.4
Armour         | 6 7 8 9 10 11 | 11.3
Shields        | 6 7 8 9 10 11 | 11.3
Dodging        | 3 4 6 8 |  8.1
Invocations    | 3 4 5 7 |  7.2

Action                   |  1- 3 |  4- 6 |  7- 9 || total
-------------------------+-------+-------+-------++-------
Melee: War axe           |     4 |    52 |    28 ||    84
       Headbutt          |     1 |     5 |     5 ||    11
Invok: Elemental Force   |       |       |     1 ||     1
  Use: Potion            |       |     1 |     2 ||     3
       Scroll            |       |       |     1 ||     1
Armor: Scale mail        |     2 |     2 |     6 ||    10
Dodge: Dodged            |     2 |    13 |    12 ||    27
       Deflected         |       |       |     1 ||     1
Block: Shield            |     3 |    36 |    30 ||    69
